 Dungeon Crawl Stone Soup version 0.32-a0-350-g4f4d228785 (webtiles) character file.

Game seed: 5768237507534728476

291 Pooter the Chopper (level 6, 0/55 HPs)
             Began as a Minotaur Monk on Feb 17, 2024.
             Succumbed to an adder's poison
             ... on level 4 of the Dungeon.
             The game lasted 00:12:08 (2568 turns).

Pooter the Chopper (Minotaur Monk)                  Turns: 2568, Time: 00:12:09

Health: 0/55       AC:  5    Str: 20    XL:     6   Next: 10%
Magic:  5/5        EV: 12    Int: 10    God:
Gold:   151        SH:  0    Dex: 13    Spells: 5/5 levels left

rFire   + . .        a - +1 mace of Bipotiha {flame, rN+ Str+3 Int+3}
rCold   + . .        d - orb {light}
rNeg    + . .        g - +0 ring mail
rPois   +            (helmet restricted)
rElec   +            (no cloak)
rCorr   +            (no gloves)
SInv    .            (no boots)
Will    .....        (no amulet)
Stlth   +            (no ring)
HPRegen 0.29/turn    (no ring)
MPRegen 0.09/turn

%: no passive effects
@: lethally poisoned (0 -> -2), resistant, hasted, glowing, very quick
A: horns 2, retaliatory headbutt, deterioration 1, MP-powered wands
a: no special abilities


You were on level 4 of the Dungeon.
You visited 1 branch of the dungeon, and saw 4 of its levels.

You collected 151 gold pieces.

Inventory:

Hand Weapons
 a - the +1 mace of Bipotiha (weapon) {flame, rN+ Str+3 Int+3}
   (You took it off a hobgoblin on level 2 of the Dungeon)

   Str+3:     It affects your strength (+3).
   Int+3:     It affects your intelligence (+3).
   rN+:       It protects you from negative energy.
 b - a +0 sling
   (You found it on level 1 of the Dungeon)
 h - a +0 hand axe
 l - a +0 spear of flaming
   (You took it off a hobgoblin on level 2 of the Dungeon)
Missiles
 Q - 50 stones (quivered)
Armour
 d - an orb of light (worn)
 g - a +0 ring mail (worn)
   (You found it on level 2 of the Dungeon)
Scrolls
 e - a scroll of silence {unknown}
 j - a scroll of blinking
 n - a scroll of vulnerability {unknown}
 p - a scroll of revelation {unknown}
 t - 3 scrolls of teleportation {@r4}
Potions
 c - a potion of ambrosia
 i - a potion of cancellation {unknown}
 o - a potion of attraction {unknown}
 q - a potion of resistance
 r - a potion of might {unknown}


   Skills:
 + Level 4.9 Fighting
 * Level 6.2 Axes
 * Level 3.6 Ranged Weapons
 - Level 3.2 Dodging


You had 5 spell levels left.
You didn't know any spells.
Your spell library contained the following spells:

 Spells                   Type           Power      Damage    Failure   Level
 Magic Dart               Conj           0%         1d3       54%         1
 Blink                    Tloc           0%         N/A       69%         2
 Call Imp                 Summ           0%         N/A       69%         2


Dungeon Overview and Level Annotations

Branches:
Dungeon (4/15) Zot: 21395
 Temple: D:4-7

Altars:


Innate Abilities, Weirdness & Mutations

You have a pair of horns on your head.
You reflexively headbutt those who attack you in melee.
Your body sometimes deteriorates upon taking damage.
You expend magic power (3 MP) to strengthen your wands.


Message History

The goblin hits you with a +0 club.
You sock the goblin! You burn the goblin.
You kill the goblin!
The goblin hits you with a +0 club.
You hit Robin. You burn Robin. You headbutt Robin. Robin completely misses you.
The goblin hits you but does no damage. Robin hits you but does no damage.
You are electrocuted!
* * * LOW HITPOINT WARNING * * *
The goblin completely misses you.
Unknown command.
You hit Robin. You burn Robin.
The goblin no longer looks unusually strong.
The hobgoblin no longer looks unusually strong.
The goblin hits you with a +0 club.
* * * LOW HITPOINT WARNING * * *
Robin hits you with a +1 dagger of electrocution.
* * * LOW HITPOINT WARNING * * *
You are electrocuted!
* * * LOW HITPOINT WARNING * * *
You hit Robin but do no damage. You headbutt Robin, but do no damage.
Robin closely misses you. The goblin hits you but does no damage.
Unknown command.
You hit Robin. You burn Robin.
You kill Robin!
The goblin hits you but does no damage. The adder barely misses you.
You hit the adder. You burn the adder.
You headbutt the adder, but do no damage.
The goblin closely misses you. The adder bites you but does no damage.
You closely miss the adder. The adder bites you.
* * * LOW HITPOINT WARNING * * *
You are poisoned.
The adder poisons you! The goblin hits you with a +0 club.
* * * LOW HITPOINT WARNING * * *
The adder barely misses you. The goblin hits you but does no damage.
You hit the adder. You burn the adder. Your headbutt misses the adder.
* * * LOW HITPOINT WARNING * * *
You feel sick. The adder closely misses you.
The goblin hits you but does no damage. The adder barely misses you.
It was a potion of resistance.
You feel protected.
* * * LOW HITPOINT WARNING * * *
You feel sick. The adder closely misses you. The goblin closely misses you.
It was a potion of haste.
You feel yourself speed up.
* * * LOW HITPOINT WARNING * * *
You feel sick. The adder misses you. The goblin hits you with a +0 club.
* * * LOW HITPOINT WARNING * * *
It was a potion of mutation.
You feel extremely strange.
You feel your magical essence link to the dungeon's wands.
You feel yourself wasting away.
You die...

. ...
.....#################
....gJS@g............#
.....##############.##
... #.# # #.# #.# #.#
######.## #.......#
#.#######


You could see an adder, an endoplasm, a hobgoblin and a goblin.

Vanquished Creatures
  A bombardier beetle (D:4)
  An iguana (D:4)
  Robin (D:4)
  8 gnolls
  2 adders (D:2)
  3 dart slugs
  5 endoplasms
  3 giant cockroaches
  14 goblins
  12 hobgoblins
  A quokka (D:2)
  4 ball pythons (D:2)
  4 bats
  2 frilled lizards
  5 kobolds
  3 rats
69 creatures vanquished.

Notes
Turn   | Place    | Note
-------+----------+-------------------------------------------
     0 | D:1      | Pooter the Minotaur Monk began the quest for the Orb.
     0 | D:1      | Reached XP level 1. HP: 19/19 MP: 0/0
    48 | D:1      | Reached skill level 4 in Axes
    99 | D:1      | Reached XP level 2. HP: 27/27 MP: 1/1
   470 | D:2      | Reached XP level 3. HP: 32/33 MP: 2/2
   498 | D:2      | Reached skill level 1 in Ranged Weapons
   635 | D:2      | Identified the +1 mace of Bipotiha {flame, rN+ Str+3 Int+3}
   764 | D:2      | Reached XP level 4. HP: 35/40 MP: 3/3
   832 | D:2      | Reached skill level 5 in Axes
  1694 | D:3      | Reached XP level 5. HP: 47/47 MP: 4/4
  2333 | D:4      | Reached skill level 6 in Axes
  2544 | D:4      | Noticed Robin
  2551 | D:4      | Reached XP level 6. HP: 55/55 MP: 5/5
  2562 | D:4      | Killed Robin
  2566 | D:4      | HP: 2/55 [poisoned by an adder]
  2568 | D:4      | Gained mutation: You expend magic power (3 MP) to
                  | strengthen your wands. [potion of mutation]
  2568 | D:4      | Gained mutation: Your body sometimes deteriorates upon
                  | taking damage. [potion of mutation]
  2568 | D:4      | Succumbed to an adder's poison

Illustrated notes

Levels and vault maps discovered:
D:1:      ebering_trefoil_twist, layout_rooms, serial_glass, glass_columns_c,
          glass_columns_b, glass_columns_c, glass_columns_b, glass_columns_a,
          glass_columns_c
D:2:      layout_loops_ring, glass_columns_b, minmay_ruptured
D:3:      layout_basic, st_stairs_14, corexii_leaking_fountain,
          solitary_fountain
D:4:      layout_basic, grunt_temple_overflow_cloverleaf,
          minmay_temple_entry_glassed_door, uniq_robin, uniq_blork_the_orc

Skill      XL: |  1  2  3  4  5 |
---------------+----------------+-----
Axes           | 4 5 6 |  6.2
Fighting       | 4 |  4.9
Ranged Weapons | 1 2 3 |  3.6
Dodging        | |  3.2

Action                     |  1- 3 |  4- 6 || total
---------------------------+-------+-------++-------
  Melee: Hand axe          |    32 |       ||    32
         Headbutt          |     7 |    11 ||    18
         Mace              |     8 |    49 ||    57
   Fire: Sling             |    42 |    48 ||    90
  Throw: Dart              |       |     2 ||     2
    Use: Scroll            |     2 |       ||     2
         Potion            |       |     3 ||     3
 Armour: Robe              |    11 |       ||    11
         Ring mail         |    16 |    56 ||    72
  Dodge: Dodged            |    29 |    48 ||    77

Table legend: (Time is in decaauts)
 A = Elapsed time spent in this place.
 B = Non-inter-level travel time spent in this place.
 C = Inter-level travel time spent in this place.
 D = Time resting spent in this place.
 E = Time spent auto-exploring this place.
 F = Levels seen in this place.
 G = Mean time per level.
                   A        B        C        D        E       F      G
               +--------+--------+--------+--------+--------+-----+--------+
         Total |   2604 |   2423 |    181 |    238 |   1709 |   4 |  651.0 |
       Dungeon |   2604 |   2423 |    181 |    238 |   1709 |   4 |  651.0 |
               +--------+--------+--------+--------+--------+-----+--------+

Top non-repeatable levels by time:
     D:2: 967 daAuts
     D:3: 846 daAuts
     D:1: 471 daAuts
     D:4: 319 daAuts
